 Dungeon Crawl Stone Soup version 0.31-a0-700-gf13585253f (webtiles) character file.

Game seed: 9534612656443885522

2994 qw the Skirmisher (level 9, -3/57 HPs)
             Began as a Gargoyle Hunter on Sept 7, 2023.
             Was a Believer of Okawaru.
             Slain by Joseph
             ... wielding a +0 quarterstaff
              (7 damage)
             ... on level 8 of the Dungeon.
             The game lasted 00:02:31 (5868 turns).

qw the Skirmisher (Gargoyle Hunter)                 Turns: 5868, Time: 00:02:32

Health: -3/57      AC: 18    Str: 15    XL:     9   Next: 83%
Magic:  10/12      EV: 15    Int: 10    God:    Okawaru [**....]
Gold:   217        SH:  0    Dex: 17    Spells: 8/8 levels left

rFire   . . .        l - +0 shortbow (heavy)
rCold   . . .        (shield currently unavailable)
rNeg    + . .        g - +0 ring mail
rPois   inf          m - +2 hat
rElec   +            (no cloak)
rCorr   .            f - +0 pair of gloves
SInv    .            j - +0 pair of boots
Will    +....        p - amulet of faith
Stlth   +++          q - +4 ring of slaying {mikee}
HPRegen 0.29/turn    h - ring of willpower
MPRegen 0.13/turn

%: faith
@: heroic
A: sickness immunity, AC +6, negative energy resistance 1, electricity
resistance, torment resistance 1, petrification resistance
a: Renounce Religion, Heroism


You were on level 8 of the Dungeon.
You worshipped Okawaru.
Okawaru was pleased with you.
You visited 1 branch of the dungeon, and saw 8 of its levels.

You collected 387 gold pieces.
You spent 170 gold pieces at shops.


Innate Abilities, Weirdness & Mutations

You are immune to sickness and miasma.
Your stone body is resilient. (AC +6)
You are immune to poison.
You resist negative energy. (rN+)
You are resistant to electric shocks. (rElec)
You are resistant to unholy torment.
You are immune to petrification.


   Skills:
 - Level 7.6(12.6) Fighting
 + Level 10.5(15.5) Ranged Weapons
 - Level 3.4(8.4) Armour
 - Level 3.1(8.1) Dodging
 - Level 1.1(6.1) Stealth
 - Level 4.2 Invocations


You had 8 spell levels left.
You didn't know any spells.
Your spell library was empty.

Inventory:

Hand Weapons
 l - a +0 heavy shortbow (weapon)
Armour
 f - a +0 pair of gloves (worn)
 g - a +0 ring mail (worn)
 j - a +0 pair of boots (worn)
 m - a +2 hat (worn)
Jewellery
 e - a ring of ice
 h - a ring of willpower (right hand)
 o - an amulet of reflection
 p - an amulet of faith (around neck)
 q - a +4 ring of slaying (left hand) {mikee}
 Y - a +6 ring of strength
Wands
 i - a wand of digging (2)
Scrolls
 a - 3 scrolls of identify
Potions
 c - a potion of haste
 d - a potion of might
 k - 2 potions of enlightenment
 n - 5 potions of curing

Dungeon Overview and Level Annotations

Branches:
Dungeon (8/15)             Temple (0/1) D:4
   Lair: D:8-11

Altars:
Cheibriados
Okawaru
Uskayaw
Xom
The Shining One

Shops:
D:3 [=?![   D:4 (*=?

Annotations:
D:8 Jeremiah, Joseph


Message History

5852 |||
Found retreat position at -3,0 (floor) with 0 blocking monsters and 1 monsters attacking at destination at distance 4 The butterfly disappears in a burst of colours! x2
There is a broken door here.
Enter note:
5853 |||
Found retreat position at -2,-1 (floor) with 0 blocking monsters and 1 monsters attacking at destination at distance 3 You shoot an arrow.
The arrow hits Jeremiah but does no damage.
Jeremiah is moderately wounded.
The butterfly disappears in a burst of colours!
The butterfly disappears in a burst of colours!
Enter note: You start resting.
The butterfly disappears in a burst of colours!
There are monsters nearby!
Enter note: You shoot an arrow.
The arrow closely misses Joseph.
Joseph unwields a +0 sling.
Joseph wields a +0 quarterstaff.
Joseph hits you with a +0 quarterstaff.
You shoot an arrow. The arrow hits Joseph!
Joseph is moderately wounded.
You feel like a meek peon again.
Joseph says, "I'm here to kill trespassers.
I like my job."
Joseph misses you.
5865 ||| INVOKING Heroism.
You gain the combat prowess of a mighty hero.
Joseph hits you but does no damage.
You shoot an arrow. The arrow closely misses Joseph.
Jeremiah hits you but does no damage.
Joseph shouts, "Wow!"
Joseph completely misses you. Jeremiah hits you but does no damage.
You shoot an arrow. The arrow hits Joseph!
Joseph is heavily wounded.
Joseph hits you but does no damage.
Jeremiah hits you from afar with a +3 trident of draining.
You shoot an arrow. The arrow barely misses Joseph.
The arrow hits the butterfly!!
You kill the butterfly!
The butterfly disappears in a burst of colours!
Joseph hits you with a +0 quarterstaff!
You die...

#......b...... #.#......b......
#.#....#b@...#.. #.#....bbF......
#.#..#...b#.# #.#..~.bbb.#
#.#.#...#..# #.#.....#..#
#@#'......... #.@F..........
#.b..bb...#.#.. # #
#b.....b..#..#.###
###.#.###.........##....#.
..............#...........
#######.##.......#....#..~#.
#..............b......F..bb.
######)#####.##.#########........


You could see Joseph and Jeremiah.

Vanquished Creatures
  A rime drake (D:8)
  Prince Ribbit (D:8)
  A steam dragon (D:7)
  An orc warrior (D:5)
  A sky beast (D:6)
  2 black bears (D:6)
  4 ice beasts (D:8)
  4 wolves (D:8)
  An ogre (D:7)
  Blork the orc (D:5)
  2 bullfrogs
  2 kobold brigands (D:8)
  A scorpion (D:7)
  A howler monkey (D:4)
  2 hounds (D:5)
  8 orc priests
  6 iguanas
  2 sleepcaps
  4 orc wizards
  8 adders
  2 shadow imps
  3 white imps
  An ufetubus (D:4)
  A worm (D:2)
  3 dart slugs
  22 orcs
  4 bats
  5 endoplasms
  3 giant cockroaches
  8 goblins
  9 hobgoblins
  4 jackals (D:2)
  2 quokkas
  6 ball pythons
  2 frilled lizards
  15 kobolds
  5 rats
148 creatures vanquished.

Notes
Turn   | Place    | Note
-------+----------+-------------------------------------------
     0 | D:1      | qw the Gargoyle Hunter began the quest for the Orb.
     0 | D:1      | Reached XP level 1. HP: 12/12 MP: 1/1
     0 | D:1      | 0 ||| qw: Version: 0.3-a-76-g4403597
     0 | D:1      | 0 ||| qw: Game counter: 461
     0 | D:1      | 0 ||| qw: Melee chars always use a shield: true
     0 | D:1      | 0 ||| qw: God list: Okawaru
     0 | D:1      | 0 ||| qw: Allow faded altars: false
     0 | D:1      | 0 ||| qw: Do Orc after clearing Dungeon:15 true
     0 | D:1      | 0 ||| qw: Do second Lair branch before Depths: true
     0 | D:1      | 0 ||| qw: Lair rune preference: random
     0 | D:1      | 0 ||| qw: Goals: Normal
     0 | D:1      | 0 ||| PLANNING D:1-11
   188 | D:1      | Reached XP level 2. HP: 17/17 MP: 2/2
   878 | D:1      | 878 ||| DROPPING scarf of invisibility.
   879 | D:1      | 879 ||| READING 2 scrolls labelled AMEENA REF.
   880 | D:1      | 880 ||| DROPPING scroll of butterflies.
   930 | D:2      | Found an iron altar of Okawaru.
   931 | D:2      | 931 ||| PLANNING OKAWARU WORSHIP
   939 | D:2      | Became a worshipper of Warmaster Okawaru
   940 | D:2      | 940 ||| PLANNING D:1-11
   989 | D:2      | Reached XP level 3. HP: 18/21 MP: 3/3
  1076 | D:2      | Reached skill level 5 in Ranged Weapons
  1400 | D:2      | Reached skill level 3 in Fighting
  1717 | D:2      | 1717 ||| UPGRADING to +0 pair of gloves.
  1722 | D:2      | 1722 ||| UPGRADING to +0 ring mail.
  1732 | D:2      | 1732 ||| DROPPING +0 leather armour.
  1733 | D:2      | 1733 ||| READING scroll labelled KUUMAYHIZ FAXA.
  1734 | D:2      | 1734 ||| READING scroll labelled CIMIGH BOXT.
  1739 | D:2      | 1739 ||| READING scroll labelled REJAOCZYUTT.
  1740 | D:2      | 1740 ||| DRINKING 2 brown potions.
  1741 | D:2      | 1741 ||| READING 3 scrolls of identify.
  1741 | D:2      | 1741 ||| IDENTIFYING fuming red potion
  1742 | D:2      | 1742 ||| READING 2 scrolls of identify.
  1742 | D:2      | 1742 ||| IDENTIFYING fuming ruby potion
  1743 | D:2      | 1743 ||| DROPPING potion of brilliance.
  1781 | D:3      | Found Nieme's Magic Scroll Shoppe.
  1793 | D:3      | 1793 ||| SHOPLISTING 3 scrolls of enchant armour (315 gold,
                  | have 125).
  1793 | D:3      | 1793 ||| BUYING scroll of identify (28 gold).
  1793 | D:3      | Bought a scroll of identify for 28 gold pieces
  1800 | D:3      | Reached XP level 4. HP: 28/28 MP: 4/4
  1876 | D:3      | Found Roskua Syri's Antique Armour Emporium.
  1885 | D:3      | 1885 ||| BUYING helmet (90 gold).
  1885 | D:3      | Bought a helmet for 90 gold pieces
  1894 | D:3      | Found Ehashrus's Jewellery Boutique.
  1901 | D:3      | 1901 ||| SHOPLISTING amulet of reflection (330 gold, have
                  | 7).
  1901 | D:3      | 1901 ||| SHOPLISTING amulet of regeneration (330 gold, have
                  | 7).
  1901 | D:3      | 1901 ||| SHOPLISTING ring of protection from cold (275
                  | gold, have 7).
  1901 | D:3      | 1901 ||| SHOPLISTING ring of see invisible (165 gold, have
                  | 7).
  1907 | D:3      | Found Menkup's Distillery.
  1915 | D:3      | 1915 ||| SHOPLISTING potion of curing (36 gold, have 7).
  1915 | D:3      | 1915 ||| SHOPLISTING potion of enlightenment (60 gold, have
                  | 7).
  1915 | D:3      | 1915 ||| SHOPLISTING potion of might (48 gold, have 7).
  1915 | D:3      | 1915 ||| SHOPLISTING potion of resistance (120 gold, have
                  | 7).
  1937 | D:3      | Reached skill level 1 in Armour
  2097 | D:3      | Found Uxaydub's Antique Armour Emporium.
  2101 | D:3      | 2101 ||| SHOPLISTING pair of boots (126 gold, have 28).
  2242 | D:3      | 2242 ||| UPGRADING to +0 helmet.
  2247 | D:3      | 2247 ||| UPGRADING to amulet of reflection.
  2252 | D:3      | 2252 ||| UPGRADING to +6 ring of strength.
  2253 | D:3      | 2253 ||| UPGRADING to ring of willpower.
  2254 | D:3      | 2254 ||| READING 2 scrolls labelled CIECUB REUFI.
  2255 | D:3      | 2255 ||| READING scroll of brand weapon.
  2255 | D:3      | 2255 ||| BRANDING +0 shortbow of freezing.
  2256 | D:3      | 2256 ||| READING scroll labelled ZEFETE ETUSOU.
  2257 | D:3      | 2257 ||| READING scroll labelled OPNAOH VELOE.
  2258 | D:3      | 2258 ||| READING 2 scrolls of identify.
  2258 | D:3      | 2258 ||| IDENTIFYING purple potion
  2298 | D:4      | 2298 ||| RETREATING.
  2299 | D:4      | 2299 ||| Stepping ~*~*~tactically~*~*~ (outnumbered).
  2300 | D:4      | 2300 ||| Stepping ~*~*~tactically~*~*~ (outnumbered).
  2303 | D:4      | Reached XP level 5. HP: 17/32 MP: 5/5
  2306 | D:4      | Reached skill level 6 in Ranged Weapons
  2447 | D:4      | Found a snail-covered altar of Cheibriados.
  2485 | D:4      | Found a staircase to the Ecumenical Temple.
  2507 | D:4      | Reached * piety under Okawaru
  2508 | D:4      | Reached XP level 6. HP: 32/38 MP: 6/6
  2513 | D:4      | 2513 ||| FLEEEEING.
  2514 | D:4      | 2514 ||| FLEEEEING.
  2515 | D:4      | 2515 ||| FLEEEEING.
  2516 | D:4      | 2516 ||| FLEEEEING.
  2517 | D:4      | 2517 ||| FLEEEEING.
  2518 | D:4      | 2518 ||| FLEEEEING.
  2519 | D:4      | 2519 ||| FLEEEEING.
  2641 | D:4      | Found Durebi's Weapon Emporium.
  2647 | D:4      | Reached skill level 1 in Invocations
  2661 | D:4      | 2661 ||| SHOPLISTING +0 orcbow of draining (116 gold, have
                  | 58).
  2675 | D:4      | Found Yghucank's Jewellery Emporium.
  2684 | D:4      | 2684 ||| SHOPLISTING ring of fire (325 gold, have 58).
  2684 | D:4      | 2684 ||| SHOPLISTING ring of ice (325 gold, have 58).
  2684 | D:4      | 2684 ||| SHOPLISTING ring of resist corrosion (260 gold,
                  | have 58).
  2687 | D:4      | Found a shimmering altar of Xom.
  2827 | D:4      | Found Zexiw's Magic Scroll Boutique.
  2834 | D:4      | 2834 ||| BUYING scroll of identify (28 gold).
  2834 | D:4      | Bought a scroll of identify for 28 gold pieces
  2834 | D:4      | 2834 ||| SHOPLISTING scroll of teleportation (42 gold, have
                  | 30).
  2858 | D:4      | Found Laojett's General Store.
  2862 | D:4      | 2862 ||| BUYING scroll of identify (24 gold).
  2862 | D:4      | Bought a scroll of identify for 24 gold pieces
  3241 | D:4      | 3241 ||| UPGRADING to +2 hat.
  3251 | D:4      | 3251 ||| DROPPING +0 helmet.
  3252 | D:4      | 3252 ||| UPGRADING to amulet of faith.
  3262 | D:4      | 3262 ||| READING 5 scrolls of identify.
  3262 | D:4      | 3262 ||| IDENTIFYING amethyst potion
  3263 | D:4      | 3263 ||| READING 4 scrolls of identify.
  3263 | D:4      | 3263 ||| IDENTIFYING dark potion
  3277 | D:5      | Entered Level 5 of the Dungeon
  3328 | D:5      | 3328 ||| INVOKING Heroism.
  3334 | D:5      | Reached XP level 7. HP: 43/43 MP: 5/9
  3366 | D:5      | Reached skill level 3 in Invocations
  3535 | D:5      | 3535 ||| INVOKING Heroism.
  3535 | D:5      | Noticed Blork the orc
  3539 | D:5      | 3539 ||| Stepping ~*~*~tactically~*~*~ (retreating).
  3540 | D:5      | 3540 ||| Stepping ~*~*~tactically~*~*~ (retreating).
  3545 | D:5      | Killed Blork the orc
  3546 | D:5      | Reached skill level 7 in Ranged Weapons
  3550 | D:5      | 3550 ||| INVOKING Heroism.
  3550 | D:5      | HP: 9/43 [orc warrior/+0 hand axe (12)]
  3551 | D:5      | 3551 ||| DRINKING potion of heal wounds.
  3862 | D:5      | Found a glowing golden altar of the Shining One.
  4006 | D:5      | 4006 ||| READING 3 scrolls of identify.
  4006 | D:5      | 4006 ||| IDENTIFYING bubbling emerald potion
  4007 | D:5      | 4007 ||| DROPPING potion of degeneration.
  4079 | D:6      | 4079 ||| INVOKING Heroism.
  4086 | D:6      | Reached skill level 8 in Ranged Weapons
  4086 | D:6      | Reached XP level 8. HP: 45/48 MP: 9/11
  4088 | D:6      | Reached ** piety under Okawaru
  4153 | D:6      | 4153 ||| INVOKING Heroism.
  4313 | D:6      | Found a hide-covered altar of Uskayaw.
  4537 | D:6      | 4537 ||| READING scroll labelled ORIHIS YTAT.
  4557 | D:7      | 4557 ||| STAIRDANCE
  4739 | D:7      | 4739 ||| INVOKING Heroism.
  4752 | D:7      | 4752 ||| INVOKING Heroism.
  4829 | D:7      | 4829 ||| INVOKING Heroism.
  4836 | D:7      | Reached skill level 9 in Ranged Weapons
  4878 | D:7      | 4878 ||| INVOKING Heroism.
  5032 | D:7      | Found an iron altar of Okawaru.
  5194 | D:7      | 5194 ||| INVOKING Heroism.
  5199 | D:7      | Reached skill level 6 in Fighting
  5215 | D:7      | 5215 ||| INVOKING Heroism.
  5217 | D:7      | Reached XP level 9. HP: 54/55 MP: 9/12
  5242 | D:7      | 5242 ||| INVOKING Heroism.
  5392 | D:7      | 5392 ||| UPGRADING to +0 pair of boots.
  5397 | D:7      | 5397 ||| READING scroll labelled HYFAHO IBIA.
  5398 | D:7      | 5398 ||| READING scroll labelled RARAMUGEFI.
  5399 | D:7      | 5399 ||| READING 4 scrolls of identify.
  5399 | D:7      | 5399 ||| IDENTIFYING lumpy green potion
  5400 | D:7      | 5400 ||| DROPPING potion of berserk rage.
  5461 | D:8      | Noticed Prince Ribbit
  5462 | D:8      | 5462 ||| INVOKING Heroism.
  5466 | D:8      | Killed Prince Ribbit
  5535 | D:8      | 5535 ||| RETREATING.
  5535 | D:8      | Noticed Jeremiah
  5538 | D:8      | 5538 ||| INVOKING Heroism.
  5539 | D:8      | 5539 ||| Stepping ~*~*~tactically~*~*~ (retreating).
  5540 | D:8      | 5540 ||| Stepping ~*~*~tactically~*~*~ (retreating).
  5542 | D:8      | Reached skill level 10 in Ranged Weapons
  5547 | D:8      | Reached skill level 3 in Armour
  5560 | D:8      | 5560 ||| INVOKING Heroism.
  5569 | D:8      | Reached skill level 3 in Dodging
  5572 | D:8      | HP: 14/56 [Jeremiah/divine providence (11)]
  5573 | D:8      | 5573 ||| READING scroll of teleportation.
  5619 | D:8      | Noticed a rime drake
  5620 | D:8      | 5620 ||| INVOKING Heroism.
  5625 | D:8      | Killed a rime drake
  5642 | D:8      | 5642 ||| INVOKING Heroism.
  5819 | D:8      | 5819 ||| INVOKING Heroism.
  5824 | D:8      | HP: 13/57 [Jeremiah/divine providence (14)]
  5825 | D:8      | 5825 ||| DRINKING potion of heal wounds.
  5840 | D:8      | 5840 ||| INVOKING Heroism.
  5841 | D:8      | 5841 ||| UPGRADING to +4 ring of slaying {mikee}.
  5847 | D:8      | Noticed Joseph
  5848 | D:8      | 5848 ||| RETREATING.
  5850 | D:8      | HP: 6/57 [Joseph/sling bullet (12)]
  5863 | D:8      | HP: 6/57 [Joseph/+0 quarterstaff (3)]
  5865 | D:8      | 5865 ||| INVOKING Heroism.
  5868 | D:8      | Slain by Joseph

Levels and vault maps discovered:
D:1:      arrival_zaba_pyramid, layout_basic
D:2:      layout_loops_corners, basic_altar
D:3:      layout_rooms, serial_shops, shop, nicolae_shop_back_alley_shop,
          nicolae_diamond_shop, shop, nicolae_shop_stone
D:4:      layout_loops_corners, kennysheep_slug_shrine,
          mainiacjoe_overflow_paths, temple_doors_e, serial_shops, shop, shop,
          shop, shop
D:5:      layout_cave_pools, tso_metal_star, uniq_blork_the_orc
D:6:      layout_rooms, mainiacjoe_overflow_alcove_1
D:7:      layout_loops_cross, overflow_temple_1_default, minivault_19
D:8:      layout_basic, hellmonk_lair_entry_icy, uniq_erica,
          uniq_prince_ribbit1, uniq_jeremiah, uniq_joseph

Skill      XL: |  1  2  3  4  5  6  7  8  9 |
---------------+----------------------------+-----
Ranged Weapons | 5 6 8 9 10 | 10.5
Fighting       | 3 4 6 7 |  7.6
Armour         | 1 2 3 |  3.4
Invocations    | 2 4 |  4.2
Dodging        | 2 3 |  3.1
Stealth        | |  1.1

Action                     |  1- 3 |  4- 6 |  7- 9 || total
---------------------------+-------+-------+-------++-------
   Fire: Shortbow          |   123 |   131 |   298 ||   552
 Invoke: Heroism           |       |     1 |    19 ||    20
    Use: Scroll            |     6 |     7 |     6 ||    19
         Potion            |     1 |       |     2 ||     3
 Armour: Leather armour    |    29 |       |       ||    29
         Ring mail         |       |    45 |   185 ||   230
  Dodge: Dodged            |    34 |    39 |   151 ||   224
  Block: Other             |       |    12 |       ||    12

Table legend:
 A = Non-vault XP
 B = Vault XP
 C = Vault XP percentage of total XP
 D = Non-vault monster count
 E = Vault monster count
 F = Vault count percentage of total count
                 A         B        C        D         E       F
            +---------+---------+-------+---------+---------+-------
      Total |    2557 |    1721 |  40.2 |     136 |      12 |   8.1
            +---------+---------+-------+---------+---------+-------
        D:1 |      17 |       0 |   0.0 |      12 |       0 |   0.0
        D:2 |      62 |       0 |   0.0 |      27 |       0 |   0.0
        D:3 |      23 |       0 |   0.0 |      12 |       0 |   0.0
        D:4 |     469 |       4 |   0.8 |      24 |       1 |   4.0
        D:5 |     425 |     100 |  19.0 |      17 |       1 |   5.6
        D:6 |     530 |       0 |   0.0 |      11 |       0 |   0.0
        D:7 |     805 |       0 |   0.0 |      19 |       0 |   0.0
        D:8 |     226 |    1617 |  87.7 |      14 |      10 |  41.7
            +---------+---------+-------+---------+---------+-------
